 Dungeon Crawl Stone Soup version 0.19-a0-1049-g462a813 (webtiles) character file.

103292 junb69 the Warrior (level 15, 0/129 HPs)
             Began as a Demonspawn Gladiator on July 31, 2016.
             Was the Champion of Ashenzari.
             Slain by an ancient zyme (9 damage)
             ... on level 3 of the Abyss.
             The game lasted 01:35:44 (30443 turns).

junb69 the Warrior (Demonspawn Gladiator)          Turns: 30443, Time: 01:35:45

Health: 0/129      AC: 41    Str: 27    XL:     15   Next: 88%
Magic:  15/15      EV: 25    Int: 10    God:    Ashenzari [******]
Gold:   907        SH:  3    Dex: 27    Spells: 0 memorised, 14 levels left

rFire  . . .     SeeInvis +     n - +10 lajatang of Qozxai Bawo {slice, -Tele +Fly Dex+2} (curse)
rCold  . . .     Gourm    .     s - +15 plate armour of the Swan {Str+2} (curse)
rNeg   . . .     Faith    .     (shield currently unavailable)
rPois  +         Spirit   .     r - +0 helmet of Music {rElec} (curse)
rElec  +         Dismiss  .     c - +0 cloak
rCorr  .         Reflect  +     E - +0 pair of gloves (curse)
SustAt .         Harm     .     (no boots)
MR     +....     Clarity  +     h - +3 amulet of reflection
Stlth  .......... NoTele   +    x - +5 ring of strength
                                H - ring "Istaliv" {Str+3 Dex+2 SInv} (curse)

@: agile, somewhat resistant to hostile enchantments, extremely unstealthy
A: hooves 2, slimy green scales 3, demonic guardian 3, powered by death 1
a: Curse Item, Scrying, Transfer Knowledge, Renounce Religion, Evoke Flight


You were on level 3 of the Abyss.
You worshipped Ashenzari.
Ashenzari was exalted by your worship.
You were not hungry.

You visited 5 branches of the dungeon, and saw 25 of its levels.
You visited the Abyss 1 time.

You collected 4771 gold pieces.
You spent 3864 gold pieces at shops.

Inventory:

Hand Weapons
 n - the cursed +10 lajatang of Qozxai Bawo (weapon) {slice, -Tele +Fly Dex+2}
   (You bought it in a shop on level 11 of the Dungeon)

   It inflicts extra damage upon your enemies.
   It affects your dexterity (+2).
   It lets you fly.
   It prevents most forms of teleportation.
   It has a curse placed upon it.
Armour
 c - a +0 cloak (worn)
 r - the cursed +0 helmet of Music (worn) {rElec}
   (You bought it in a shop on level 1 of the Orcish Mines)

   It insulates you from electricity.
   It has a curse placed upon it.
 s - the cursed +15 plate armour of the Swan (worn) {Str+2}
   (You bought it in a shop on level 2 of the Orcish Mines)

   It affects your strength (+2).
   It has a curse placed upon it.
 E - a cursed +0 pair of gloves (worn)
Jewellery
 h - a +3 amulet of reflection (around neck)
 x - a +5 ring of strength (right hand)
 H - the cursed ring "Istaliv" (left hand) {Str+3 Dex+2 SInv}
   (You bought it in a shop on level 9 of the Dungeon)

   [ring of see invisible]

   It affects your strength (+3).
   It affects your dexterity (+2).
   It lets you see invisible.
   It has a curse placed upon it.
Scrolls
 a - 6 scrolls of teleportation
 b - 2 scrolls of fog
 i - 4 scrolls of recharging
 l - a scroll of identify
 p - a scroll of silence
 A - 4 scrolls of enchant armour
 D - a scroll of blinking
Potions
 d - a potion of ambrosia {unknown}
 e - 3 potions of lignification
 k - 2 potions of berserk rage
 o - 6 potions of curing
 q - 3 potions of agility
 u - 3 potions of flight
 C - a potion of cancellation
Miscellaneous
 J - a sack of spiders
Comestibles
 f - 11 bread rations
 g - 11 meat rations
 m - 22 fruits


   Skills:
 * Level 15.0 Fighting
   Level 8.2(10.8) Maces & Flails
 - Level 11.1(17.2) Staves
 - Level 1.7 Throwing
 * Level 12.2(16.3) Armour
 - Level 14.0 Dodging


You had 14 spell levels left.
You didn't know any spells.

Dungeon Overview and Level Annotations

Branches:
Dungeon (15/15)            Temple (1/1) D:6            Lair (6/6) D:10
 Shoals (0/4) Lair:4        Snake (1/4) Lair:3        Slime (0/5) Lair:5
    Orc (2/2) D:10            Elf (0/3) Orc:2        Vaults (0/5) D:13
 Depths (0/5) D:15

Altars:
Ashenzari
Cheibriados
Dithmenos
Elyvilon
Fedhas
Gozag
Hepliaklqana
Kikubaaqudgha
Makhleb
Nemelex Xobeh
Okawaru
Pakellas
Qazlal
Ru
Sif Muna
Trog
Uskayaw
Vehumet
Xom
Yredelemnul
Zin
The Shining One

Shops:
D:6 =   D:9 =:=(   D:11 =*(   Orc:1 [   Orc:2 ![:!%

Portals:
Pandemonium: Orc:2

Annotations:
D:4 Edmund
Snake:1 Louise


Innate Abilities, Weirdness & Mutations

You have hoof-like feet.
You are completely covered in slimy green scales. (AC +4, rPois)
A powerful demonic guardian rushes to your aid.
You regenerate a little health from kills.


Message History

Your cacodemon gestures at the lich.
The bolt of energy hits the lich.
You hear a grinding noise.
The lich points at your cacodemon and mumbles some strange words.
The iron shot hits your cacodemon.
Your Executioner completely misses the lich.
Your Executioner hits the lich but does no damage.
Your Executioner hits the lich.
Found the +0 robe "Ribay" {-Tele Int+5} and a meat ration.
The green draconian scorcher roars!
The unseen horror hits you but does no damage.
You feel your health improve.
The unseen horror hits you but does no damage.
The ancient zyme misses you. The ancient zyme completely misses you.
You feel yourself growing ill in the presence of the ancient zyme.
Some rock shatters into small pieces.
An iron imp comes into view.
The iron imp shouts!
The ancient zyme completely misses you. The ancient zyme hits you!
You die...

,, .............# * ,#∩.#.
# , ............{#.#* *,.,
, . , .............##.##
...#* ,*,,,,
,,.........{..#..5..# .,.
, ,,*#.X..1{#*,#q.#*{*, ,
,,, , ..##...{2b####..#* *
#.. . , ,
.,.......{..#...# * # ,.,
, . ....,§#####x..##.#.#,.
,,*
,,......§§#....x@.......,,
, ,,
*#*##..,§#...........## ,,
, ,
,,#..§§#.........[...,, *,
,#,...#........#.### * , *
, *. .#...........#* ,*, ,
, *{####.#..#...#..%... ,
*, * {, # #......#...#..*
* *,, ,,, * .#######....,,
, * , ** , , , , ,, ,, ,,
,


You could see a green draconian scorcher, an ancient zyme, an unseen horror
(invisible) and an iron imp.

Vanquished Creatures
  Kirke (Lair:6)
  An ophan (Abyss:3)
  A fire dragon (Lair:6)
  Josephine (Lair:5)
  3 vault guards (D:13)
  A death knight (D:12)
  A ghost crab (shapeshifter) (D:15)
  6 hydras
  6 centaur warriors
  A tengu warrior (D:14)
  2 ogre magi (D:15)
  3 death yaks (Lair:5)
  5 orc high priests (Orc:2)
  A naga sharpshooter (Snake:1)
  A soul eater (Orc:2)
  A spatial maelstrom (Abyss:3)
  2 skeletal warriors (D:12)
  4 unseen horrors
  A giant orange brain (D:15)
  A gelid demonspawn (Orc:2)
  A putrid demonspawn (Orc:2)
  3 hill giants
  3 lindwurms
  6 orc knights
  2 deep elf magi (D:15)
  2 manticores
  A griffon (Lair:5)
  6 orc sorcerers (Orc:2)
  A salamander (shapeshifter) (D:14)
  4 cyclopes
  15 ugly things
  A wolf spider (D:15)
  The ghost of skk the Slinger, a novice HaAM of Qazlal (D:6)
  2 naga magi (Snake:1)
  A smoke demon (Orc:2)
  6 torpor snails (Lair:6)
  8 spiny frogs
  5 centaur skeletons
  A kobold demonologist (D:15)
  A large abomination (Abyss:3)
  2 komodo dragons
  5 rime drakes
  2 freezing wraiths
  A tengu conjurer (D:13)
  A meliai (D:14)
  A silent spectre (Abyss:3)
  6 trolls
  A wolf spider simulacrum (D:15)
  A polar bear (Lair:6)
  8 two-headed ogres
  Grinder (D:5)
  6 blink frogs
  Prince Ribbit (D:8)
  3 giant leeches (Lair:6)
  3 slime creatures (D:15)
  A boulder beetle (D:15)
  A meliai zombie (D:12)
  A spriggan (shapeshifter) (D:13)
  4 wraiths
  5 wyverns
  23 yaks
  2 fire bats (Abyss:3)
  A ynoxinul (Orc:2)
  10 vampire mosquitoes
  6 basilisks
  A neqoxec (Abyss:3)
  5 hippogriffs
  6 hungry ghosts
  A warg (Orc:1)
  A naga (Lair:3)
  8 mottled dragons
  11 water moccasins
  6 porcupines
  4 ice beasts
  2 necrophages (D:6)
  27 orc warriors
  5 sky beasts
  A black bear (D:13)
  2 eyes of draining
  7 wasps
  9 ogres
  5 phantoms
  6 wolves
  13 crocodiles
  14 centaurs
  A big kobold (D:7)
  15 giant frogs
  A gnoll sergeant (D:8)
  A small abomination (Abyss:3)
  A wyvern zombie (D:9)
  16 scorpions
  3 killer bees (D:12)
  A troll zombie (D:10)
  23 wights
  An electric eel (Lair:1)
  3 howler monkeys
  9 crimson imps
  3 giant frog zombies
  3 quasits
  3 centaur zombies
  5 hounds
  19 orc priests
  3 giant frog skeletons
  3 jellies
  20 orc wizards
  Jessica (D:2)
  11 iguanas
  3 hell rats (Lair:5)
  14 worker ants
  5 sheep (Lair:3)
  5 ogre zombies (D:10)
  A hound skeleton (D:6)
  A worker ant zombie (D:9)
  21 gnolls
  18 adders
  51 river rats
  6 shadow imps
  7 oozes
  An adder zombie (D:8)
  3 worms (D:2)
  6 giant geckos
  52 orcs
  10 giant cockroaches
  9 goblins
  12 hobgoblins
  8 jackals
  9 quokkas
  16 bats
  5 giant newts
  A goblin zombie (D:10)
  4 hobgoblin skeletons (D:10)
  2 hobgoblin zombies (D:10)
  A jackal skeleton (D:6)
  12 kobolds
  2 orc skeletons (D:10)
  10 orc zombies (D:10)
  A quokka skeleton (D:6)
  7 rats
  3 fungi
  A plant (Lair:6)
796 creatures vanquished.

Vanquished Creatures (collateral kills)
  Frances (D:13)
  A fire dragon (Lair:6)
  4 hydras
  An ogre mage (D:15)
  3 death yaks (Lair:5)
  4 hell hogs (Abyss:3)
  A shock serpent (Snake:1)
  An orc high priest (Orc:2)
  Urug (Lair:2)
  A sun demon (Orc:2)
  An infernal demonspawn (Orc:2)
  4 ugly things
  A hill giant (D:10)
  A wolf spider zombie (D:15)
  An orc sorcerer (Orc:2)
  A griffon (D:15)
  An elephant (Lair:5)
  Joseph (D:8)
  A black mamba (Lair:2)
  A komodo dragon (Lair:1)
  A freezing wraith (D:12)
  An ice devil (Orc:2)
  2 meliai (D:14)
  A two-headed ogre (D:8)
  5 blink frogs
  Sigmund (D:5)
  Eustachio (D:5)
  2 basilisks (Lair:6)
  2 wraiths (Lair:5)
  6 yaks
  A hippogriff (D:13)
  2 hogs (Lair:6)
  A mottled dragon (Lair:6)
  4 nagas
  4 orc warriors
  4 ogres (D:15)
  2 wolves
  4 centaurs
  A crocodile (Lair:4)
  2 giant frogs
  A wight (D:15)
  2 orc priests (D:13)
  2 hell rats (Lair:5)
  13 orcs
96 creatures vanquished.

Vanquished Creatures (others)
  An unseen horror (Abyss:3)
  3 humans (Lair:6)
  A centaur (D:11)
  A river rat (Lair:1)
  4 fungi
  3 plants
  6 starspawn tentacles (Abyss:3)
  137 starspawn tentacle segments (Abyss:3)
156 creatures vanquished.

Grand Total: 1048 creatures vanquished

Notes
Turn   | Place    | Note
-------+----------+-------------------------------------------
     0 | D:1      | junb69 the Demonspawn Gladiator began the quest for the Orb.
     0 | D:1      | Reached XP level 1. HP: 16/16 MP: 1/1
   205 | D:1      | Gained mutation: You have large cloven feet. [demonic ancestry]
   205 | D:1      | Reached XP level 2. HP: 22/22 MP: 2/2
   936 | D:1      | Reached XP level 3. HP: 23/27 MP: 3/3
  1337 | D:2      | Found an opulent altar of Gozag.
  1439 | D:2      | Reached XP level 4. HP: 31/33 MP: 4/4
  1441 | D:2      | Noticed Jessica
  1448 | D:2      | Killed Jessica
  1667 | D:2      | Reached skill level 5 in Staves
  2313 | D:3      | Gained mutation: You are partially covered in slimy green scales. (AC +2) [demonic ancestry]
  2313 | D:3      | Reached XP level 5. HP: 35/38 MP: 5/5
  2653 | D:3      | Noticed a sky beast
  3061 | D:2      | Reached skill level 6 in Fighting
  3061 | D:2      | Reached skill level 5 in Armour
  3061 | D:2      | Reached XP level 6. HP: 39/53 MP: 6/6
  3083 | D:2      | Killed a sky beast
  3304 | D:3      | Gained mutation: You have hoof-like feet. [demonic ancestry]
  3304 | D:3      | Reached XP level 7. HP: 54/59 MP: 7/7
  4025 | D:4      | Got a shimmering robe
  4026 | D:4      | Identified the +2 robe of Fun {*Drain Str+5} (You found it on level 4 of the Dungeon)
  4284 | D:4      | Gained mutation: A weak demonic guardian rushes to your aid. [demonic ancestry]
  4284 | D:4      | Reached XP level 8. HP: 65/65 MP: 8/8
  4933 | D:4      | Got a bone dagger
  5001 | D:4      | Found a radiant altar of Vehumet.
  5322 | D:5      | Entered Level 5 of the Dungeon
  5327 | D:5      | Noticed Eustachio
  5327 | D:5      | Noticed Edmund
  6051 | D:5      | Noticed Sigmund
  6072 | D:5      | Killed Sigmund
  6252 | D:4      | Reached skill level 8 in Fighting
  6252 | D:4      | Gained mutation: A demonic guardian rushes to your aid. [demonic ancestry]
  6252 | D:4      | Reached XP level 9. HP: 29/75 MP: 9/9
  6523 | D:5      | Killed Eustachio
  7650 | D:6      | Noticed Grinder
  7842 | D:6      | Noticed skk's ghost (novice HaAM)
  7855 | D:6      | Killed skk's ghost
  7855 | D:6      | Gained mutation: You regenerate a little health from kills. [demonic ancestry]
  7855 | D:6      | Reached XP level 10. HP: 82/82 MP: 10/10
  7930 | D:5      | Paralysed by Grinder for 6 turns
  7940 | D:5      | Killed Grinder
  8072 | D:6      | Found a hide-covered altar of Uskayaw.
  8802 | D:6      | Got a smoking whip
  8807 | D:6      | Identified the +12 whip "Xaduco" {slash, SInv} (You found it on level 6 of the Dungeon)
  9075 | D:6      | Found a staircase to the Ecumenical Temple.
  9165 | D:6      | Reached skill level 1 in Maces & Flails
  9208 | D:6      | Reached skill level 9 in Fighting
  9319 | Temple   | Entered the Ecumenical Temple
  9467 | D:6      | Found a shattered altar of Ashenzari.
  9478 | D:6      | Became a worshipper of Ashenzari the Shackled
  9573 | D:6      | Found Xaumeiri's Jewellery Boutique.
 10296 | D:7      | Identified the +7 hand axe "Quhintu" {elec, Str+3 Dex+6}
 10493 | D:7      | Identified the +9 flail of the Final Decision {pain, rPois rC- Dex+7}
 10764 | D:8      | Found an oddly glowing altar of Pakellas.
 10765 | D:8      | Found a white marble altar of Elyvilon.
 11142 | D:8      | Noticed Joseph
 11152 | D:8      | Killed Joseph
 11464 | D:8      | Noticed Prince Ribbit
 11475 | D:8      | Killed Prince Ribbit
 11604 | D:8      | Reached skill level 5 in Maces & Flails
 11948 | D:8      | Gained mutation: You are mostly covered in slimy green scales. (AC +3) [demonic ancestry]
 11948 | D:8      | Reached XP level 11. HP: 83/88 MP: 11/11
 12112 | D:9      | Found Bugoivvu's Weapon Shop.
 12171 | D:9      | Identified the +8 dagger of Cruel Justice {pierce, Int+2} (You found it on level 4 of the Dungeon)
 12349 | D:9      | Reached * piety under Ashenzari
 12373 | D:9      | Found Zuicrump's Book Emporium.
 12395 | D:9      | Found Kecsim's Jewellery Emporium.
 12431 | D:9      | Found Osibi's Jewellery Emporium.
 12607 | D:9      | Found a basalt altar of Yredelemnul.
 12852 | D:9      | Bought the ring "Istaliv" {Str+3 Dex+2 SInv} for 422 gold pieces
 12889 | D:10     | Entered Level 10 of the Dungeon
 13248 | D:10     | Found a staircase to the Lair.
 13271 | D:10     | Noticed a cyan ugly thing
 13290 | D:10     | Killed a cyan ugly thing
 13406 | D:10     | Noticed an eight-headed hydra
 13414 | D:10     | Killed an eight-headed hydra
 13421 | D:10     | Noticed a hill giant
 13434 | D:10     | Killed a hill giant
 13696 | D:10     | Found a staircase to the Orcish Mines.
 13872 | D:10     | Noticed a hill giant
 13875 | D:10     | Killed a hill giant
 14185 | Lair:1   | Entered Level 1 of the Lair of Beasts
 14304 | Lair:1   | Reached ** piety under Ashenzari
 15043 | Lair:2   | Noticed Urug
 15070 | Lair:2   | Killed Urug
 15215 | Lair:2   | Reached skill level 10 in Fighting
 15497 | Lair:2   | Noticed a seven-headed hydra
 15503 | Lair:2   | Killed a seven-headed hydra
 15503 | Lair:2   | Reached XP level 12. HP: 96/96 MP: 12/12
 15951 | Lair:3   | Reached *** piety under Ashenzari
 16050 | Lair:3   | Noticed a four-headed hydra
 16059 | Lair:3   | Killed a four-headed hydra
 16070 | Lair:3   | Found a staircase to the Snake Pit.
 16688 | Lair:4   | Reached skill level 10 in Armour
 16879 | Lair:4   | Found a staircase to the Shoals.
 17620 | Lair:5   | Noticed Josephine
 17791 | Lair:5   | Found a staircase to the Slime Pits.
 17806 | Lair:5   | Reached **** piety under Ashenzari
 17833 | Lair:5   | Killed Josephine
 17835 | Lair:5   | Noticed a four-headed hydra
 17866 | Lair:5   | Killed a four-headed hydra
 18041 | Lair:5   | Found a radiant altar of Vehumet.
 18134 | Lair:5   | Reached skill level 10 in Dodging
 18308 | Lair:5   | Noticed a death yak
 18310 | Lair:5   | Noticed a death yak
 18310 | Lair:5   | Noticed a death yak
 18311 | Lair:5   | Noticed a death yak
 18311 | Lair:5   | Noticed a death yak
 18312 | Lair:5   | Noticed a death yak
 18313 | Lair:5   | Killed a death yak
 18333 | Lair:5   | Killed a death yak
 18333 | Lair:5   | Gained mutation: You are completely covered in slimy green scales. (AC +4, rPois) [demonic ancestry]
 18333 | Lair:5   | Reached XP level 13. HP: 102/102 MP: 13/13
 18861 | D:10     | Identified the +3 scale mail of the Wilderness {Str+2}
 18921 | D:9      | Bought a +3 amulet of reflection for 325 gold pieces
 18973 | Orc:1    | Entered Level 1 of the Orcish Mines
 19094 | Orc:1    | Found Mixim's Antique Armour Emporium.
 19388 | Orc:2    | Entered Level 2 of the Orcish Mines
 19409 | Orc:2    | Found Tunkigal's Distillery.
 19537 | Orc:2    | Found a staircase to the Elven Halls.
 19716 | Orc:2    | Found Uvves's Food Boutique.
 19747 | Orc:2    | Found Iroixuf's Distillery.
 20255 | Orc:2    | Found Gudunloxe's Book Shoppe.
 20255 | Orc:2    | Found a one-way gate leading to the halls of Pandemonium.
 20255 | Orc:2    | Found Loamung's Antique Armour Emporium.
 20396 | Orc:2    | Reached skill level 11 in Fighting
 20694 | Orc:2    | Paralysed by an orc sorcerer for 2 turns
 20843 | Orc:2    | Gained mutation: Your body sometimes deteriorates upon taking damage. [a neqoxec]
 20849 | Orc:2    | Gained mutation: You are occasionally teleported next to monsters. [a neqoxec]
 20861 | Orc:2    | Bought a steaming helmet for 256 gold pieces
 20861 | Orc:2    | Identified the -7 helmet of Birdsong {MR- Regen+ rCorr Dex+4} (You bought it in a shop on level 2 of the Orcish Mines)
 20950 | Orc:1    | Bought a brightly glowing helmet for 256 gold pieces
 20950 | Orc:1    | Identified the cursed +0 helmet of Music {rElec} (You bought it in a shop on level 1 of the Orcish Mines)
 20959 | Orc:1    | Bought a faintly glowing chain mail for 256 gold pieces
 20959 | Orc:1    | Identified the +7 chain mail "Guop" {rPois rF+ rN+++ Slay-4} (You bought it in a shop on level 1 of the Orcish Mines)
 21052 | D:11     | Found Ceagacao's Jewellery Boutique.
 21054 | D:11     | Found Qiffigimug's General Store.
 21068 | D:11     | Found Pymefeck's Weapon Boutique.
 21632 | D:11     | Reached XP level 14. HP: 100/114 MP: 14/14
 21663 | D:11     | Reached ***** piety under Ashenzari
 21766 | D:11     | Reached skill level 12 in Fighting
 22883 | D:13     | Found a gate to the Vaults.
 23169 | D:13     | Noticed Frances
 23190 | D:13     | Killed Frances
 23972 | D:14     | Reached skill level 13 in Fighting
 25418 | D:15     | Entered Level 15 of the Dungeon
 25716 | D:15     | Gained mutation: A powerful demonic guardian rushes to your aid. [demonic ancestry]
 25716 | D:15     | Reached XP level 15. HP: 83/125 MP: 15/15
 26143 | D:15     | Reached skill level 14 in Fighting
 26730 | D:15     | Found a staircase to the Depths.
 27113 | D:15     | Reached ****** piety under Ashenzari
 27437 | Lair:1   | Identified a scroll of acquirement
 27486 | D:11     | Bought the +10 lajatang of Qozxai Bawo {slice, -Tele +Fly Dex+2} for 1122 gold pieces
 27626 | Orc:2    | Bought a spiked plate armour for 756 gold pieces
 27626 | Orc:2    | Identified the +15 plate armour of the Swan {Str+2} (You bought it in a shop on level 2 of the Orcish Mines)
 27662 | Orc:2    | Bought a potion of cure mutation for 350 gold pieces
 27783 | Lair:1   | Lost mutation: You are occasionally teleported next to monsters. [potion of cure mutation]
 27783 | Lair:1   | Lost mutation: Your body sometimes deteriorates upon taking damage. [potion of cure mutation]
 27881 | Lair:6   | Entered Level 6 of the Lair of Beasts
 27896 | Lair:6   | Noticed Kirke
 27902 | Lair:6   | Reached skill level 10 in Staves
 27905 | Lair:6   | Killed Kirke
 28013 | Lair:6   | Found a runed door.
 29807 | Orc:1    | Bought a cloak for 121 gold pieces
 29914 | Snake:1  | Entered Level 1 of the Snake Pit
 30060 | Snake:1  | Noticed Louise
 30287 | Snake:1  | Cast into level 3 of the Abyss (Louise)
 30291 | Abyss:3  | Found a corrupted altar of Lugonu.
 30302 | Abyss:3  | Found a sparkling altar of Nemelex Xobeh.
 30366 | Abyss:3  | Noticed a tentacled starspawn
 30367 | Abyss:3  | Noticed a green draconian scorcher
 30374 | Abyss:3  | Noticed a lich
 30389 | Abyss:3  | Noticed a Tzitzimitl
 30429 | Abyss:3  | Reached skill level 15 in Fighting
 30441 | Abyss:3  | Identified the +0 robe "Ribay" {-Tele Int+5}
 30443 | Abyss:3  | Slain by an ancient zyme

Vault maps used:
D:1:      lemuel_arrival_behind_the_door_small, hangedman_decor_growths,
          grunt_decor_cap
D:2:      lemuel_doored_altar, first_bread, uniq_jessica
D:4:      old_forge, kennysheep_mini_moat, grunt_decor_fettered
D:5:      uniq_eustachio, uniq_sigmund, uniq_edmund
D:6:      corexii_shack_village, eat_drink_and_be_merry_uskayaw,
          cheibrodos_ashenzari_chains, serial_shops,
          nicolae_shop_competitors_out_of_business, minmay_bent, uniq_grinder
D:7:      kennysheep_six_static_rooms, hangedman_abyss_or_decor_lesser_grid
D:8:      gammafunk_temple_overflow_statue, uniq_joseph, uniq_prince_ribbit1
D:9:      basic_altar, serial_shops, nicolae_shop_competitors_out_of_business,
          nicolae_shop_stone, shop, nicolae_shop_behind_doors
D:10:     lair_0_dummy, zombieorc1_lemuel
D:11:     serial_shops, shop, shop, shop_coins
D:13:     lightli_vaults_fourway_checkpoint, serial_glass, glass_columns_a,
          glass_columns_a, due_unseen_surprise, minmay_strange_pillars,
          item_on_display_a, item_on_display_a, uniq_frances
D:14:     moated_statue, grunt_tengu_nest
D:15:     hangedman_depths_entry_try_elsewhere_first,
          minmay_hollow_rounded_squares
Temple:   lightli_temple_of_artemis
Lair:1:   nicolae_quartered_pool_super, grunt_megastairs_3
Lair:2:   st_stairs_7, uniq_urug
Lair:3:   minmay_snake_entry_guardpost_medium
Lair:4:   elwin_shoals_entry_rocks
Lair:5:   nicolae_slime_entry_slimehenge, basic_altar, beast_lair_carwin_1,
          uniq_josephine
Lair:6:   wormcave, guppyfry_lair_end_dragon, infiniplex_staircase_pool,
          uniq_kirke
Snake:1:  serial_shops, nicolae_shop_behind_doors, uniq_louise
Orc:1:    serial_shops, shop_statue, nicolae_shop_crystal, shop
Orc:2:    pf_orc_diabolical, serial_shops, nicolae_shop_statue_plus
Abyss:3:  nicolae_abyss_rune_left_handed

Skill      XL: |  1  2  3  4  5  6  7  8  9 10 11 12 13 14 15 |
---------------+----------------------------------------------+-----
Staves         | 3 4 5 7 8 9 11 | 11.1
Fighting       | 6 8 9 10 11 13 15 | 15.0
Armour         | 5 7 9 10 11 12 | 12.2
Dodging        | 6 8 10 12 13 14 | 14.0
Maces & Flails | 5 8 |  8.2
Throwing       | |  1.7

Action                   |  1- 3 |  4- 6 |  7- 9 | 10-12 | 13-15 || total
-------------------------+-------+-------+-------+-------+-------++-------
Melee: Quarterstaff      |   113 |   156 |   325 |    90 |       ||   684
       Kick              |    21 |    39 |    98 |   355 |   771 ||  1284
       Whip              |       |       |       |  1011 |  1473 ||  2484
       Lajatang          |       |       |       |       |   238 ||   238
Throw: Throwing net      |     1 |     3 |       |       |       ||     4
Invok: Curse Item        |       |       |       |     5 |     2 ||     7
       Scrying           |       |       |       |       |     1 ||     1
Evoke: Wand              |       |       |       |       |     1 ||     1
  Use: Potion            |       |     2 |     1 |       |     7 ||    10
       Scroll            |       |       |    13 |    12 |    11 ||    36
 Stab: Held in net/web   |     2 |       |       |       |       ||     2
       Sleeping          |       |     1 |       |       |       ||     1
       Distracted        |       |       |       |       |     3 ||     3
  Eat: Chunk             |     2 |     1 |    10 |    24 |    20 ||    57
       Bread ration      |       |     1 |       |     1 |     1 ||     3
       Meat ration       |       |       |     1 |     1 |     1 ||     3
       Fruit             |       |       |       |     7 |     9 ||    16
       Beef jerky        |       |       |       |     2 |     2 ||     4
       Royal jelly       |       |       |       |       |     1 ||     1
Armor: Leather armour    |    27 |    10 |       |       |       ||    37
       Ring mail         |       |    56 |   125 |    54 |       ||   235
       Storm dragon armo |       |       |       |   385 |   482 ||   867
       Plate armour      |       |       |       |       |   126 ||   126
Dodge: Dodged            |    66 |   122 |   259 |   599 |  1017 ||  2063
Block: Other             |       |       |       |       |   141 ||   141
       Reflection        |       |       |       |       |     5 ||     5
